 Dungeon Crawl Stone Soup version 0.30-a0-4-ga7cffc901d (webtiles) character file.

Game seed: 5841692414402072721

192 voltaire321 the Digger (level 5, -4/34 HPs)
             Began as an Octopode Earth Elementalist on Aug 20, 2022.
             Killed by nerve-wracking pain
             ... invoked by an orc priest
              (8 damage)
             ... on level 3 of the Dungeon.
             The game lasted 00:07:05 (2634 turns).

voltaire321 the Digger (OpEE)                       Turns: 2634, Time: 00:07:05

Health: -4/34      AC:  1    Str:  8    XL:     5   Next: 71%
Magic:  3/9        EV: 13    Int: 19    God:
Gold:   140        SH:  0    Dex: 12    Spells: 0/10 levels left

rFire   . . .      SeeInvis .    e - +0 dagger
rCold   + . .      Faith    .    (no shield)
rNeg    . . .      Spirit   .    (helmet restricted)
rPois   .          Reflect  .    (no amulet)
rElec   .          Harm     .    f - ring of protection from cold
rCorr   .          Rampage  .    (no ring)
Will    .....                    (no ring)
Stlth   +++.......               (no ring)
HPRegen 0.11/turn                (no ring)
MPRegen 0.11/turn                (no ring)
                                 (no ring)
                                 (no ring)

@: very slightly contaminated
A: almost no armour, amphibious, 8 rings, camouflage 1, gelatinous body 1,
(nimble swimmer 1), tentacles
a: no special abilities


You were on level 3 of the Dungeon.
You visited 1 branch of the dungeon, and saw 3 of its levels.

You collected 140 gold pieces.

Inventory:

Hand Weapons
 e - a +0 dagger (weapon)
Jewellery
 f - a ring of protection from cold (left tentacle)
Scrolls
 a - 2 scrolls of amnesia
 b - 2 scrolls of identify {unknown}
 c - a scroll of fear {unknown}
 d - 3 scrolls of teleportation
 k - a scroll of poison {unknown}
 l - a scroll of magic mapping {unknown}
Potions
 g - a potion of invisibility {unknown}
 h - a potion of haste {unknown}
 i - 4 potions of curing {unknown}
 j - a potion of cancellation {unknown}


   Skills:
 + Level 2.1 Fighting
 + Level 3.2 Dodging
 - Level 2.6 Stealth
 + Level 3.0 Spellcasting
 + Level 0.1 Conjurations
 + Level 0.0 Translocations
 - Level 2.0 Transmutations
 + Level 3.8 Earth Magic


You couldn't memorise any spells.
You knew the following spells:

 Your Spells              Type           Power      Damage    Failure   Level
a - Sandblast             Erth           34%        2d9       3%          1
b - Passwall              Tmut/Erth      11%        N/A       7%          2
c - Stone Arrow           Conj/Erth      20%        3d8       21%         3
d - Passage of Golubria   Tloc           2%         N/A       83%         4

Your spell library contained the following spells:

 Spells                   Type           Power      Damage    Failure   Level
 Shock                    Conj/Air       12%        1d3       16%         1
 Swiftness                Air            2%         N/A       41%         3
 Tukima's Dance           Hex            2%         N/A       41%         3
 Petrify                  Tmut/Erth      14%        N/A       41%         4
 Airstrike                Air            1%         2d(1-17)  83%         4
 Yara's Violent Unravell  Hex/Tmut       3%         3d4       95%         5


Dungeon Overview and Level Annotations

Branches:
Dungeon (3/15)

Altars:


Innate Abilities, Weirdness & Mutations

You cannot wear most types of armour.
You are amphibious.
You can wear up to eight rings at the same time.
Your skin changes colour to match your surroundings (Stealth+).
Your rubbery body absorbs attacks. (AC +1, EV +1)
((You are camouflaged when in or above water. (Stealth+)))
You have tentacles for arms and can constrict up to eight enemies at once.


Message History

Casting: Sandblast (safe; 3% risk of failure)
Confirm with . or Enter, or press ? or * to list all spells.
You can't see any susceptible monsters within range! (Use Z to cast anyway.) Unknown command.
Unknown command.
Found a ring mail.
Casting: Sandblast (safe; 3% risk of failure)
Confirm with . or Enter, or press ? or * to list all spells.
You can't see any susceptible monsters within range! (Use Z to cast anyway.)
Casting: Sandblast (safe; 3% risk of failure)
Confirm with . or Enter, or press ? or * to list all spells.
The spell is quite dangerous to miscast (21% risk of failure)!
Continue anyway?
Aiming: Stone Arrow (quite dangerous; 21% risk of failure)
Press: ? - help, Shift-Dir - straight line, f - orc priest
Aim: an orc priest, wielding a +0 whip (68% to hit)
You miscast Stone Arrow.
You are very lightly contaminated with residual magic.
Nothing appears to happen.
Casting: Stone Arrow (quite dangerous; 21% risk of failure)
Confirm with . or Enter, or press ? or * to list all spells.
Aiming: Sandblast (safe; 3% risk of failure)
Press: ? - help, Shift-Dir - straight line, f/p - orc priest
Aim: an orc priest, wielding a +0 whip (82% to hit)
The blast of sand hits the orc priest.
The orc priest is moderately wounded.
The orc priest calls down the wrath of Beogh upon you.
Beogh smites you!
* * * LOW HITPOINT WARNING * * *
You hear a shout!
Casting: Sandblast (safe; 3% risk of failure)
Confirm with . or Enter, or press ? or * to list all spells.
Aiming: Sandblast (safe; 3% risk of failure)
Press: ? - help, Shift-Dir - straight line, f/p - orc priest
Aim: an orc priest, wielding a +0 whip (moderately wounded, 82% to hit)
The blast of sand hits the orc priest!
The orc priest is severely wounded.
You hear a shout!
The orc priest mumbles some strange prayers to Beogh against you.
Pain shoots through your body!
You die...

.........####.#.......
[..................#.##
...............).......
.................##.#.
.................##.#.
#.....†........##.##
#......##########.##
#......# #.........
#..@oo.# #.......##
#####.### #.......#
#.......# #..^....#
#.......# #.......#
#.......# #.......##
#....o..# #.........
#.o.....# #.........
#.......# #######...
#........ ####


You could see an orc priest and an orc.

Vanquished Creatures
  Natasha (twice) (D:2)
  A hound skeleton (D:2)
  6 adders (D:2)
  2 worms
  2 adder skeletons (D:2)
  6 dart slugs
  2 bat skeletons (D:2)
  4 endoplasms
  2 giant cockroaches
  A goblin (D:1)
  4 hobgoblins
  4 jackals (D:1)
  A quokka (D:3)
  4 ball pythons
  A ball python skeleton (D:2)
  A ball python zombie (D:2)
  2 bats (D:1)
  4 frilled lizards
  A giant cockroach zombie (D:2)
  6 kobolds
  4 rats (D:1)
60 creatures vanquished.

Vanquished Creatures (others)
  3 withered plants (D:2)
3 creatures vanquished.

Grand Total: 63 creatures vanquished

Notes
Turn   | Place    | Note
-------+----------+-------------------------------------------
     0 | D:1      | voltaire321 the Octopode Earth Elementalist began the quest
                  | for the Orb.
     0 | D:1      | Reached XP level 1. HP: 11/11 MP: 3/3
    66 | D:1      | Reached XP level 2. HP: 13/18 MP: 0/5
   149 | D:1      | Learned a level 2 spell: Passwall
   191 | D:1      | Found a faded altar of an unknown god.
   524 | D:1      | Reached XP level 3. HP: 21/22 MP: 3/6
   562 | D:1      | Reached skill level 1 in Fighting
  1277 | D:2      | Reached XP level 4. HP: 24/28 MP: 5/7
  1387 | D:2      | Noticed Natasha
  1390 | D:2      | Killed Natasha
  1477 | D:2      | Noticed Natasha
  1481 | D:2      | Killed Natasha
  1482 | D:2      | Reached XP level 5. HP: 34/34 MP: 5/9
  2332 | D:3      | Learned a level 3 spell: Stone Arrow
  2337 | D:3      | Learned a level 4 spell: Passage of Golubria
  2634 | D:3      | Killed from afar by an orc priest

Illustrated notes

Levels and vault maps discovered:
D:1:      pf_arrival_petrified_forest, layout_basic,
          hellmonk_ecumenical_altar_zigzags, nicolae_kite_square_tiling_tiny,
          minmay_domino_2
D:2:      layout_basic, serial_undead, serial_undead_f, serial_undead_f,
          serial_undead_d, serial_undead_d, serial_undead_d, serial_undead_b,
          wander_ebering_terrifying_dragon_lair, uniq_natasha
D:3:      layout_basic, mainiacjoe_overflow_alcove_3, kennysheep_another_room

Skill      XL: |  1  2  3  4  5 |
---------------+----------------+-----
Fighting       | 1 2 |  2.1
Transmutations | 2 |  2.0
Dodging        | 3 |  3.2
Spellcasting   | 3 |  3.0
Stealth        | |  2.6
Conjurations   | |  0.1
Earth Magic    | |  3.8

Action                   |  1- 3 |  4- 6 || total
-------------------------+-------+-------++-------
Melee: Unarmed           |    15 |       ||    15
       Constrict         |     8 |     1 ||     9
       Tentacles         |     6 |     2 ||     8
       Punch             |     1 |       ||     1
       Dagger            |     8 |    12 ||    20
 Cast: Sandblast         |    43 |    44 ||    87
  Use: Scroll            |       |     2 ||     2
       Potion            |       |     1 ||     1
Armor: Skin              |     1 |     2 ||     3
Dodge: Dodged            |    22 |    19 ||    41

Table legend: (Time is in decaauts)
 A = Elapsed time spent in this place.
 B = Non-inter-level travel time spent in this place.
 C = Inter-level travel time spent in this place.
 D = Time resting spent in this place.
 E = Time spent auto-exploring this place.
 F = Levels seen in this place.
 G = Mean time per level.
                   A        B        C        D        E       F      G
               +--------+--------+--------+--------+--------+-----+--------+
         Total |   2675 |   2605 |     70 |    848 |   1233 |   3 |  891.7 |
       Dungeon |   2675 |   2605 |     70 |    848 |   1233 |   3 |  891.7 |
               +--------+--------+--------+--------+--------+-----+--------+

Top non-repeatable levels by time:
     D:2: 1270 daAuts
     D:1: 1074 daAuts
     D:3: 330 daAuts
